 Dungeon Crawl Stone Soup version 0.18-a0-965-g9200175 (webtiles) character file.

124 Amnesiac the Ducker (level 4, 0/23 HPs)
             Began as a Spriggan Chaos Knight on Jan 1, 2016.
             Slain by a worm (4 damage)
             ... on level 3 of the Dungeon.
             The game lasted 00:01:10 (786 turns).

Amnesiac the Ducker (Spriggan Chaos Knight)          Turns: 786, Time: 00:01:10

Health: 0/23       AC:  4    Str:  8    XL:     4   Next: 81%
Magic:  5/5        EV: 22    Int: 13    God:    Xom [..*...]
Gold:   38         SH:  0    Dex: 16    Spells: 0 memorised, 3 levels left

rFire  . . .     SeeInvis +     a - +0 short sword (chaos)
rCold  . . .     Gourm    .     b - +2 robe
rNeg   . . .     Faith    .     (shield restricted)
rPois  .         Spirit   .     (helmet restricted)
rElec  .         Dismiss  .     (no cloak)
rCorr  .         Reflect  .     (gloves unavailable)
SustAt .         Harm     .     (boots unavailable)
MR     .....                    (no amulet)
Stlth  +.........               (no ring)
                                (no ring)

@: very quick, not resistant to hostile enchantments, very unstealthy
A: unfitting armour, see invisible, herbivore 3, speed 3, slow metabolism 2
a: Renounce Religion


You were on level 3 of the Dungeon.
You worshipped Xom.
You were a toy of Xom.
You were not hungry.

You visited 1 branch of the dungeon, and saw 3 of its levels.

You collected 38 gold pieces.

Inventory:

Hand Weapons
 a - a +0 short sword of chaos (weapon)
Armour
 b - a +2 robe (worn)
Scrolls
 d - a scroll of noise {unknown}
 f - 3 scrolls of identify {unknown}
 i - a scroll of remove curse {unknown}
Potions
 e - 2 potions of curing {unknown}
 g - a potion of degeneration {unknown}
Comestibles
 c - a bread ration
 h - 4 fruits


   Skills:
 - Level 2.4 Fighting
 + Level 4.3 Short Blades
 * Level 6.6 Dodging


You had 3 spell levels left.
You didn't know any spells.

Dungeon Overview and Level Annotations

Branches:
Dungeon (3/15)

Altars:


Innate Abilities, Weirdness & Mutations

You are tiny and cannot use many weapons and most armour.
You have supernaturally acute eyesight.
You are a herbivore.
You cover ground extremely quickly.
You need consume almost no food.


Message History

You are too injured to fight recklessly!
You barely miss the hobgoblin.
The hobgoblin is heavily wounded.
The hobgoblin barely misses you.
You are too injured to fight recklessly!
You hit the hobgoblin but do no damage. You drain the hobgoblin!
The hobgoblin is almost dead.
The hobgoblin closely misses you.
You are too injured to fight recklessly!
You hit the hobgoblin but do no damage.
There is a sudden explosion of sparks!
You kill the hobgoblin!
You are too injured to fight recklessly!
You barely miss the worm. The worm misses you.
You are too injured to fight recklessly!
You are too injured to fight recklessly!
You hit the worm.
The worm is lightly wounded.
The worm bites you.
You die... "Huh?
Did I miss anything?"

## ## #. .#
.#. ..> #.# #
#.# #. #.#
##.# #@#
#...##w####..
#............#
#...##.####.##
##.. ..# #..
.$. #.......
#......##
......##


You could see a worm.

Vanquished Creatures
  A scorpion (D:3)
  4 adders (D:2)
  An ooze (D:1)
  2 worms (D:2)
  4 giant cockroaches
  4 goblins
  2 hobgoblins
  A quokka (D:2)
  3 ball pythons (D:1)
  A bat (D:2)
  5 kobolds (D:1)
  2 rats (D:1)
30 creatures vanquished.

Notes
Turn   | Place    | Note
--------------------------------------------------------------
     0 | D:1      | Amnesiac the Spriggan Chaos Knight began the quest for the Orb.
     0 | D:1      | Reached XP level 1. HP: 11/11 MP: 2/2
   157 | D:1      | XOM: divination: detect creatures
   174 | D:1      | XOM: silly message
   175 | D:1      | Reached skill level 4 in Dodging
   193 | D:1      | XOM: smoke on damage
   194 | D:1      | Reached XP level 2. HP: 13/16 MP: 3/3
   277 | D:1      | XOM: scenery: 1 doors close
   384 | D:1      | Reached skill level 5 in Dodging
   406 | D:2      | Reached XP level 3. HP: 10/19 MP: 4/4
   747 | D:2      | Reached XP level 4. HP: 23/23 MP: 5/5
   773 | D:3      | Reached skill level 6 in Dodging
   786 | D:3      | Slain by a worm

Vault maps used:
D:1:      scummos_arrival_simple_fountains, serial_co_window_serial,
          co_window_cross_1, co_window_cross_1, co_window_paths_b,
          co_window_paths_b, co_window_paths_a, co_window_paths_b,
          co_window_corner_a, co_window_paths_a, co_window_corner_a,
          co_window_unsneaky_path_b, co_window_of_opportunity_b,
          co_window_of_opportunity_b, co_window_unsneaky_path_a,
          co_window_broadway_c, co_window_4corner_a, glass_columns_a,
          nrook_uturn
D:2:      gammafunk_temple_overflow_elements, ecumenical_altar_1,
          serial_bayou_pond_e, item_on_display_a
D:3:      elyvilon_altar_3, nicolae_tso_swordbearing_angel, first_bread,
          led_sif_book

Action                   |  1- 3 |  4- 6 || total
-------------------------+-------+-------++-------
Melee: Short sword       |    83 |    17 ||   100
 Stab: Sleeping          |     3 |       ||     3
